Map: Moondance

Players

DnS

  • Race: Protoss Protoss
  • Spawn Location: 6:00

Ryung - Winner!

  • Race: Terran Terran
  • Spawn Location: 12:00

Event: DreamHack SC2 Masters 2022 Atlanta (Offline)

VOD

Have the link to the VOD?

Description

Time

  • Played on: Nov. 18, 2022, 1:09 p.m.
  • Length: 6:41

All games in this series

Show
View Real Time Build Order
Export as new Build Order

DnS Protoss 

Build Orders: 1 Gate Expand, Phoenix Opening 

Get SALT Encoding   

  12  0:00  Probe  
  13  0:12  Probe  
  14  0:17  Pylon  
  14  0:24  Probe (Chrono Boost)  
  15  0:36  Gateway, Probe (Chrono Boost)  
  16  0:44  Probe (Chrono Boost)  
  16  0:45  Assimilator  
  17  0:51  Probe  
  18  1:03  Probe  
  19  1:15  Probe  
  20  1:28  Cybernetics Core  
  20  1:37  Nexus  
  20  1:42  Probe  
  21  1:49  Pylon  
  20  1:54  Probe  
  20  1:59  Assimilator  
  21  2:05  Adept (Chrono Boost)  
  21  2:06  Probe  
  24  2:18  Probe (Chrono Boost)  
  25  2:25  Stargate  
  25  2:28  Probe (Chrono Boost)  
  26  2:32  Adept  
  26  2:33  Probe  
  29  2:40  Warp Gate  
  29  2:46  Shield Battery  
  29  2:49  Probe x2 (Chrono Boost)  
  33  2:58  Probe (Chrono Boost)  
  33  3:00  Probe (Chrono Boost)  
  33  3:03  Probe (Chrono Boost)  
  33  3:05  Adept  
  36  3:09  Probe  
  36  3:12  Phoenix (Chrono Boost)  
  39  3:15  Probe  
  40  3:21  Probe  
  40  3:26  Pylon  
  41  3:27  Probe  
  41  3:29  Phoenix (Chrono Boost)  
  44  3:36  Probe  
  45  3:42  Gateway  
  45  3:46  Probe  
  46  3:53  Phoenix  
  49  3:55  Probe  
  49  3:59  Probe  
  49  4:00  Robotics Facility  
  50  4:07  Probe  
  51  4:11  Probe, Pylon  
  52  4:18  Nexus  
  52  4:22  Probe  
  53  4:24  Probe  
  53  4:30  Phoenix  
  56  4:31  Assimilator  
  56  4:34  Probe, Assimilator  
  56  4:36  Probe  
  58  4:40  Pylon  
  58  4:46  Probe  
  58  4:47  Robotics Bay  
  58  4:48  Probe  
  60  4:55  Pylon  
  60  4:58  Forge, Probe  
  61  5:02  Phoenix  
  61  5:03  Probe  
  65  5:07  Observer (Chrono Boost)  
  65  5:10  Probe  
  65  5:11  Pylon  
  66  5:19  Probe  
  67  5:25  Immortal (Chrono Boost), Probe  
  72  5:33  Sentry  
  72  5:34  Zealot  
  76  5:37  Shield Battery, Probe x2  
  76  5:38  Pylon  
  76  5:39  Phoenix  
  80  5:44  Probe  
  81  5:53  Probe  
  88  5:59  Stalker  
  88  6:00  Zealot  
  88  6:03  Probe  
  93  6:05  Probe  
  93  6:10  Shield Battery  
  94  6:13  Shield Battery  
  92  6:22  Gateway  
  92  6:24  Gateway  
  92  6:25  Gateway  
  92  6:30  Pylon  
Show
View Real Time Build Order
Export as new Build Order

Ryung Terran - Winner!

Build Orders: Cyclone Opening 

Get SALT Encoding   

  12  0:00  SCV  
  13  0:12  SCV  
  14  0:16  Supply Depot  
  14  0:24  SCV  
  14  0:27  Refinery  
  15  0:38  SCV  
  16  0:44  Barracks  
  16  0:50  SCV  
  17  1:02  SCV  
  18  1:12  Engineering Bay  
  18  1:14  SCV  
  19  1:31  Marine  
  19  1:32  Orbital Command  
  20  1:36  Factory  
  20  1:43  Supply Depot  
  20  1:52  Barracks Reactor  
  20  1:57  SCV  
  21  2:10  SCV  
  22  2:16  Command Center  
  22  2:20  Factory Tech Lab  
  22  2:22  SCV  
  23  2:27  Marine  
  23  2:28  Marine  
  25  2:34  SCV  
  26  2:38  Cyclone  
  26  2:42  Supply Depot  
  29  2:46  SCV  
  29  2:48  Marine  
  31  2:56  Barracks  
  31  3:03  Refinery, SCV  
  32  3:11  Cyclone  
  35  3:16  SCV  
  35  3:18  Marine  
  35  3:19  Marine  
  38  3:29  SCV  
  39  3:35  Barracks  
  39  3:41  SCV  
  40  3:46  Barracks Tech Lab  
  42  3:50  Orbital Command  
  42  3:53  SCV  
  42  3:54  Siege Tank  
  44  3:57  Marine  
  44  3:59  Marine  
  46  4:05  Stimpack  
  46  4:06  SCV  
  46  4:09  Marine  
  47  4:13  Supply Depot  
  47  4:15  SCV  
  49  4:18  SCV, Marine  
  49  4:19  Marine  
  49  4:23  Barracks Tech Lab  
  52  4:27  SCV, Marine  
  54  4:33  Supply Depot  
  54  4:35  SCV, Siege Tank  
  58  4:41  SCV  
  58  4:43  Marine  
  60  4:45  Marine  
  60  4:46  Marine  
  60  4:51  Combat Shield  
  62  4:55  SCV x2, Marine  
  62  4:56  Supply Depot  
  62  4:59  Refinery  
  65  5:00  Supply Depot  
  65  5:05  Marine x3  
  67  5:07  SCV x2  
  67  5:13  Marine  
  70  5:15  Engineering Bay  
  70  5:18  Siege Tank  
  70  5:19  Supply Depot  
  73  5:26  Marauder, Marine  
  73  5:27  Marine  
  77  5:31  Marauder  
  79  5:39  SCV x2  
  81  5:43  Supply Depot  
  81  5:51  SCV  
  81  5:52  SCV  
  81  5:54  Starport  
  83  5:59  Marine  
  83  6:00  Marauder x2, Marine  
  89  6:07  Siege Tank  
  89  6:09  SCV x2  
  94  6:17  Marine  
  95  6:21  Marine x2  
  95  6:24  Supply Depot x2  
Tags
 
Add a new tag
Caveats
  • Supply blocks, unpowered buildings, or Contaminate may cause inaccurate times.
  • Supply counts are checked every 10 seconds.